 Dungeon Crawl Stone Soup version 0.24.0-124-g2791043dd8 (webtiles) character file.

Game seed: 7557344799153634070, levelgen mode: deterministic

11125 hazymike the Slicer (level 12, -4/72 HPs)
             Began as a Kobold Artificer on Feb 14, 2020.
             Was a High Priest of Makhleb.
             Slain by a freezing wraith (12 damage)
             ... on level 11 of the Dungeon.
             The game lasted 01:59:06 (20398 turns).

hazymike the Slicer (Kobold Artificer)             Turns: 20398, Time: 01:59:06

Health: -4/72      AC:  8    Str: 10    XL:     12   Next: 3%
Magic:  18/18      EV: 20    Int: 13    God:    Makhleb [*****.]
Gold:   683        SH:  0    Dex: 19    Spells: 11/15 levels left

rFire    + . .     SeeInvis .   a - +3 dagger (drain)
rCold    + . .     Gourm    .   (shield restricted)
rNeg     . . .     Faith    .   H - +2 leather armour {rF+}
rPois    .         Spirit   .   (no helmet)
rElec    .         Reflect  .   (no cloak)
rCorr    .         Harm     .   p - +0 pair of gloves
MR       .....                  j - +1 pair of boots
Stlth    ++++......             (no amulet)
HPRegen  0.22/turn              (no ring)
MPRegen  0.16/turn              y - ring of protection from cold

@: slowed, very slow
A: small, carnivore
a: Minor Destruction, Lesser Servant of Makhleb, Major Destruction, Greater
Servant of Makhleb, Renounce Religion


You were on level 11 of the Dungeon.
You worshipped Makhleb.
Makhleb was extremely pleased with you.
You were completely stuffed.

You visited 1 branch of the dungeon, and saw 11 of its levels.

You collected 683 gold pieces.

Inventory:

Hand Weapons
 a - a +3 dagger of draining (weapon)
 b - a +2 hunting sling of velocity
Missiles
 e - a curare-tipped dart
 k - 266 stones
 x - 19 poisoned darts (quivered)
 B - 3 boomerangs
 D - 38 bolts
 L - a throwing net
 M - 11 sling bullets
Armour
 j - a +1 pair of boots (worn)
 p - a +0 pair of gloves (worn)
 H - a +2 leather armour of fire resistance (worn)
Jewellery
 y - a ring of protection from cold (right hand)
 I - an uncursed ring of fire
Wands
 d - a wand of enslavement (13)
 l - a wand of polymorph (3)
 q - a wand of acid (10)
 E - a wand of disintegration (3)
Scrolls
 c - a scroll of remove curse
 m - 4 scrolls of identify
 o - 6 scrolls of teleportation
 s - a scroll of immolation
 u - a scroll of fear
Potions
 g - a potion of agility
 h - 2 potions of flight
 i - 10 potions of curing
 n - a potion of heal wounds
 t - a potion of cancellation
 w - a potion of ambrosia
 z - 2 potions of might
 A - a potion of invisibility {unknown}
 C - a potion of magic {unknown}
 F - 3 potions of lignification {unknown}
 J - a potion of brilliance
 K - a potion of berserk rage
Miscellaneous
 r - a box of beasts
 v - a crystal ball of energy
Comestibles
 f - 19 rations
 G - 2 chunks of flesh


   Skills:
 + Level 7.5 Fighting
 - Level 12.0 Short Blades
 - Level 8.0 Dodging
 + Level 9.8 Stealth
 - Level 2.0 Spellcasting
 - Level 4.0 Necromancy
 + Level 7.2 Invocations
 + Level 9.0 Evocations


You had 11 spell levels left.
You knew the following spells:

 Your Spells              Type           Power        Failure   Level  Hunger
a - Animate Dead          Necr           N/A          54%         4    #####..

Your spell library contained the following spells:

 Spells                   Type           Power        Failure   Level  Hunger
 Animate Skeleton         Necr           N/A          7%          1    ##.....
 Pain                     Necr           ##..         7%          1    ##.....
 Vampiric Draining        Necr           ##........   21%         3    ####...
 Apportation              Tloc           #.....       34%         1    ##.....
 Magic Dart               Conj           #...         34%         1    ##.....
 Regeneration             Chrm/Necr      #.........   41%         3    ####...
 Searing Ray              Conj           #.....       45%         2    ###....
 Dazzling Spray           Conj/Hex       #.....       71%         3    ####...
 Force Lance              Conj/Tloc      #.......     98%         4    #####..
 Fulminant Prism          Conj/Hex       #.........   98%         4    #####..
 Iskenderun's Mystic Bla  Conj           #.......     98%         4    #####..


Dungeon Overview and Level Annotations

Branches:
Dungeon (11/15)            Temple (0/1) D:5             Orc (0/2) D:11
   Lair: D:8-11

Altars:
Cheibriados
Dithmenos
Gozag
Makhleb
Ru
Sif Muna
Trog
Vehumet
Wu Jian
Xom
Zin
The Shining One

Annotations:
D:11 Sonja


Innate Abilities, Weirdness & Mutations

You are small and have problems with some larger weapons.
You are carnivorous and can eat meat at any time.


Message History

The freezing wraith is moderately damaged.
Aiming: Corrosive Bolt
Press: ? - help, Shift-Dir - straight line, f/p - freezing wraith
Aim: a freezing wraith (moderately damaged)
The bolt of acid hits the freezing wraith!!
The freezing wraith is splashed with acid.
The acid corrodes the freezing wraith!
The freezing wraith is almost destroyed.
The freezing wraith hits you. The freezing wraith freezes you! You resist.
The freezing wraith misses you. The freezing wraith closely misses you.
The freezing wraith hits you! The freezing wraith drains your vigour!
You feel as though you will be slow longer.
You hit the freezing wraith but do no damage.
The freezing wraith is almost destroyed.
The freezing wraith hits you!
* * * LOW HITPOINT WARNING * * *
The freezing wraith freezes you. You resist.
* * * LOW HITPOINT WARNING * * *
The freezing wraith hits you!
You die...

#....... #[#
#....l.. #)#
#...C... #.#
#.....>. #.#
#....$.. #.#
#####.#. #.# # .#
#.# ##. #(##
....... #.@#
((......##W##
.(..... #..#####.##
.....####........#
####..
#(...†...######.#
#...... #.(.#..#.#
....# #...#..#.#
###....###........#
..###..$...))####)#


You could see a freezing wraith.

Vanquished Creatures
  2 hydras
  A two-headed ogre (D:8)
  A cyclops (D:11)
  A polar bear (D:8)
  5 hippogriffs
  A spriggan (D:7)
  4 yaks
  A wraith (D:11)
  A hungry ghost (D:11)
  A warg (D:10)
  A water moccasin (D:10)
  An acid dragon (D:11)
  5 orc warriors
  2 ice beasts
  A black bear (D:10)
  2 sky beasts
  8 ogres
  2 phantoms
  6 centaurs
  A crocodile (D:10)
  A big kobold (D:10)
  3 bullfrogs
  2 gnoll sergeants
  2 wyvern skeletons
  5 scorpions
  A water moccasin zombie (D:8)
  5 killer bees
  6 wights
  2 howler monkeys (D:8)
  2 crimson imps
  A bullfrog zombie (D:10)
  A quasit (D:8)
  3 centaur zombies
  5 jellies
  10 orc priests
  3 hounds
  15 orc wizards
  2 bullfrog skeletons
  3 centaur skeletons
  4 iguanas
  5 worker ants
  A hound skeleton (D:10)
  A hound zombie (D:10)
  7 gnolls
  3 howler monkey skeletons
  12 adders
  2 shadow imps (D:7)
  An ooze (D:1)
  3 adder zombies
  7 adder skeletons
  7 worms
  4 dart slugs
  4 leopard geckos
  45 orcs
  A ball python (D:3)
  7 bats
  A bat skeleton (D:2)
  A giant cockroach (D:1)
  8 goblins
  12 hobgoblins
  20 jackals
  8 kobolds
  5 quokkas
  A ball python zombie (D:5)
  9 frilled lizards
  A jackal skeleton (D:2)
  2 jackal zombies (D:2)
  A leopard gecko skeleton (D:2)
  2 leopard gecko zombies
  A quokka skeleton (D:5)
  2 quokka zombies (D:6)
  8 rats (D:1)
315 creatures vanquished.

Vanquished Creatures (others)
  An ogre (D:6)
1 creature vanquished.

Grand Total: 316 creatures vanquished

Notes
Turn   | Place    | Note
-------+----------+-------------------------------------------
     0 | D:1      | hazymike the Kobold Artificer began the quest for the Orb.
     0 | D:1      | Reached XP level 1. HP: 12/12 MP: 3/3
   257 | D:1      | Reached XP level 2. HP: 16/16 MP: 4/4
   283 | D:1      | Reached skill level 2 in Short Blades
   575 | D:1      | Reached XP level 3. HP: 14/20 MP: 5/5
  1431 | D:1      | Reached XP level 4. HP: 18/26 MP: 7/7
  1910 | D:2      | Reached skill level 3 in Short Blades
  2135 | D:2      | Found a burning altar of Makhleb.
  2135 | D:2      | Found a radiant altar of Vehumet.
  2143 | D:2      | Became a worshipper of Makhleb the Destroyer
  2545 | D:2      | Reached XP level 5. HP: 11/30 MP: 8/8
  3570 | D:2      | HP: 1/30 [orc/+0 mace (1)]
  4035 | D:3      | Found a glowing silver altar of Zin.
  4035 | D:3      | Found a shimmering altar of Xom.
  4036 | D:3      | Noticed an angel
  4280 | D:3      | Reached * piety under Makhleb
  4280 | D:3      | Reached skill level 1 in Invocations
  4346 | D:3      | Reached skill level 4 in Short Blades
  4346 | D:3      | Reached XP level 6. HP: 13/36 MP: 9/9
  5129 | D:3      | Found a shadowy altar of Dithmenos.
  5129 | D:3      | Found an ornate altar of the Wu Jian Council.
  5130 | D:3      | Found a snail-covered altar of Cheibriados.
  5860 | D:4      | Noticed an ogre
  6263 | D:4      | Reached XP level 7. HP: 12/41 MP: 10/10
  6581 | D:4      | Reached skill level 5 in Short Blades
  6581 | D:4      | Reached skill level 5 in Evocations
  6967 | D:4      | Found a shimmering blue altar of Sif Muna.
  7374 | D:5      | Entered Level 5 of the Dungeon
  7379 | D:5      | Found a staircase to the Ecumenical Temple.
  7719 | D:5      | Reached ** piety under Makhleb
  8278 | D:5      | Reached XP level 8. HP: 24/46 MP: 10/12
  8280 | D:5      | Reached skill level 6 in Short Blades
  8642 | D:5      | Found a glowing golden altar of the Shining One.
  9063 | D:6      | Found an opulent altar of Gozag.
  9367 | D:6      | Reached skill level 5 in Stealth
  9838 | D:5      | Reached skill level 7 in Short Blades
  9838 | D:5      | Reached skill level 5 in Dodging
 11273 | D:6      | Reached XP level 9. HP: 52/52 MP: 13/13
 11537 | D:7      | Reached *** piety under Makhleb
 12546 | D:7      | Reached skill level 8 in Short Blades
 12931 | D:8      | Noticed Joseph
 13217 | D:8      | Noticed a two-headed ogre
 13262 | D:8      | Reached skill level 5 in Fighting
 13948 | D:8      | Reached skill level 9 in Short Blades
 14326 | D:8      | Noticed Joseph
 14326 | D:8      | Joseph changed into Joseph the polar bear
 14351 | D:8      | Killed Joseph the polar bear
 14351 | D:8      | Reached skill level 5 in Invocations
 14351 | D:8      | Reached XP level 10. HP: 45/59 MP: 15/15
 15023 | D:8      | Found a sacrificial altar of Ru.
 15023 | D:8      | Found a bloodstained altar of Trog.
 15260 | D:8      | Learned a level 4 spell: Animate Dead
 15506 | D:9      | Reached skill level 1 in Spellcasting
 15506 | D:9      | Reached skill level 1 in Necromancy
 15517 | D:8      | Reached **** piety under Makhleb
 15671 | D:4      | Identified Sif Muna's Volume of the Voyage
 16174 | D:8      | Killed a two-headed ogre
 16174 | D:8      | Reached skill level 10 in Short Blades
 16899 | D:9      | Noticed a six-headed hydra
 17256 | D:8      | Reached XP level 11. HP: 64/64 MP: 16/16
 17466 | D:9      | Killed a six-headed hydra
 17466 | D:9      | Reached skill level 11 in Short Blades
 17712 | D:10     | Entered Level 10 of the Dungeon
 18182 | D:10     | Reached ***** piety under Makhleb
 19066 | D:11     | Found a staircase to the Orcish Mines.
 19180 | D:11     | Noticed a two-headed ogre
 19438 | D:11     | Noticed Sonja
 19498 | D:11     | Noticed a cyclops
 19569 | D:11     | HP: 1/67 [orc warrior/+0 dire flail (26)]
 19880 | D:11     | Noticed a six-headed hydra
 20147 | D:11     | Killed a cyclops
 20147 | D:11     | Reached skill level 12 in Short Blades
 20169 | D:11     | Killed a six-headed hydra
 20243 | D:11     | Noticed a two-headed ogre
 20308 | D:11     | Reached XP level 12. HP: 65/72 MP: 18/18
 20398 | D:11     | Slain by a freezing wraith

Levels and vault maps discovered:
D:1:      dpeg_arrival_ratfight, layout_rooms, serial_bayou_ford_a,
          minmay_misc_feat_four_crosses
D:2:      layout_basic, chequers_temple_overflow_statue_of_worship,
          serial_undead, serial_undead_f, serial_undead_d, serial_undead_d,
          serial_undead_a, serial_undead_b
D:3:      layout_basic, grunt_temple_overflow_order_and_chaos_1,
          gammafunk_temple_overflow_claw, first_ration
D:4:      layout_cave_pools, led_sif_book
D:5:      layout_cave_pools, tso_altar, minmay_temple_entry_mist,
          serial_column_ruins, column_ruins_open_small,
          column_ruins_corridor_straight, column_ruins_open_tiny,
          column_ruins_corridor_corner, column_ruins_open_tiny
D:6:      layout_loops_ring, lemuel_round_altar
D:7:      layout_basic, serial_glass, glass_columns_c, glass_columns_a,
          glass_columns_a, glass_columns_c, glass_columns_a, glass_columns_a,
          glass_columns_c, glass_columns_b, glass_columns_a, glass_columns_a,
          chequers_ossuary_entry_cave, st_stairs_6, the_bakery
D:8:      layout_loops_corners, gammafunk_temple_overflow_elements, uniq_joseph
D:9:      layout_basic
D:10:     layout_loops_corners
D:11:     layout_rooms, dpeg_lair_monsters, david_orc_3, uniq_sonja

Skill      XL: |  1  2  3  4  5  6  7  8  9 10 11 12 |
---------------+-------------------------------------+-----
Short Blades   | 2 3 4 5 7 9 10 12 | 12.0
Stealth        | 2 3 4 5 7 8 9 |  9.8
Evocations     | 4 5 6 7 8 9 |  9.0
Fighting       | 2 3 4 5 6 7 |  7.5
Dodging        | 3 4 5 6 7 8 |  8.0
Invocations    | 1 2 3 5 6 7 |  7.2
Spellcasting   | 2 |  2.0
Necromancy     | 2 4 |  4.0

Action                   |  1- 3 |  4- 6 |  7- 9 | 10-12 || total
-------------------------+-------+-------+-------+-------++-------
Melee: Short sword       |   161 |   475 |   248 |       ||   884
       Dagger            |       |    17 |   674 |   570 ||  1261
 Fire: Hunting sling     |       |       |       |   305 ||   305
Throw: Stone             |     1 |   104 |    67 |     5 ||   177
       Dart              |       |       |    58 |    30 ||    88
       Boomerang         |       |       |     5 |       ||     5
Invok: Minor Destruction |       |       |     1 |     1 ||     2
Evoke: Wand              |       |     9 |    25 |    10 ||    44
  Use: Scroll            |       |     8 |     7 |     9 ||    24
       Potion            |       |       |       |     3 ||     3
 Stab: Sleeping          |     2 |     4 |     7 |     3 ||    16
       Distracted        |     1 |       |       |       ||     1
  Eat: Chunk             |    10 |    16 |    26 |    20 ||    72
Armor: Leather armour    |    11 |    44 |       |    64 ||   119
       Ring mail         |       |    31 |   149 |       ||   180
       Skin              |       |    12 |       |       ||    12
Dodge: Dodged            |    93 |   270 |   421 |   393 ||  1177
